 Dungeon Crawl Stone Soup version 0.30.1-1-g62c8e00024 (webtiles) character file.

Game seed: 14639558350110100772

805 Peloso the Slasher (level 7, -1/62 HPs)
             Began as a Minotaur Fighter on July 17, 2023.
             Was an Initiate of Okawaru.
             Slain by a gnoll
             ... wielding a +0 spear
             ... led by a gnoll sergeant
              (3 damage)
             ... on level 5 of the Dungeon.
             The game lasted 00:09:30 (3981 turns).

Peloso the Slasher (Minotaur Fighter)               Turns: 3981, Time: 00:09:35

Health: -1/62      AC: 13    Str: 20    XL:     7   Next: 60%
Magic:  6/6        EV:  6    Int:  5    God:    Okawaru [......]
Gold:   180        SH:  0    Dex: 12    Spells: 6/6 levels left

rFire   . . .        a - +3 scimitar
rCold   . . .        d - +0 buckler
rNeg    . . .        m - +0 plate armour
rPois   .            v - +0 hat
rElec   .            c - +0 cloak
rCorr   .            (no gloves)
SInv    .            (no boots)
Will    .....        (no amulet) Stlth
                     (no ring)
HPRegen 0.30/turn    (no ring)
MPRegen 0.10/turn

%: no passive effects
@: confused, brilliant, lethally poisoned (-1 -> -13), ambrosia-drunk, flying
A: horns 2, retaliatory headbutt
a: Renounce Religion


You were on level 5 of the Dungeon.
You worshipped Okawaru.
Okawaru was noncommittal.
You visited 1 branch of the dungeon, and saw 5 of its levels.

You collected 180 gold pieces.

Inventory:

Hand Weapons
 a - a +3 scimitar (weapon)
Armour
 b - a +1 scale mail of willpower
 c - a +0 cloak (worn)
 d - a +0 buckler (worn)
 m - a +0 plate armour (worn)
 v - a +0 hat (worn)
Jewellery
 u - a ring of fire
Wands
 l - a wand of digging (8)
 t - a wand of charming (12)
Scrolls
 f - 2 scrolls of enchant weapon
 g - 2 scrolls of enchant armour
 h - 2 scrolls of noise {unknown}
 j - 2 scrolls of identify
 n - a scroll of fear {unknown}
 p - a scroll of amnesia {unknown}
 q - a scroll of vulnerability {unknown}
 x - a scroll of poison {unknown}
Potions
 e - a potion of might
 k - a potion of berserk rage
 w - a potion of cancellation {unknown}
 z - a potion of attraction {unknown}
 A - a potion of mutation {unknown}


   Skills:
 + Level 5.7 Fighting
 + Level 7.6 Long Blades
 + Level 6.0 Armour
 + Level 0.2 Dodging
 + Level 4.7 Shields


You had 6 spell levels left.
You didn't know any spells.
Your spell library contained the following spells:

 Spells                   Type           Power      Damage    Failure   Level
 Apportation              Tloc           0%         N/A       100%        1
 Cigotuvi's Dreadful Rot  Necr/Pois/Air  0%         N/A       100%        2
 Ensorcelled Hibernation  Hex/Ice        0%         N/A       100%        2
 Momentum Strike          Conj/Tloc      0%         3d8       100%        2
 Passwall                 Tmut/Erth      0%         N/A       100%        2
 Dazzling Flash           Conj/Hex       0%         N/A       100%        3
 Gell's Gravitas          Tloc           0%         N/A       100%        3
 Ignite Poison            Fire/Tmut/Pois 0%         N/A       100%        3
 Swiftness                Air            0%         N/A       100%        3
 Volatile Blastmotes      Fire/Tloc      0%         2d10      100%        3
 Iskenderun's Mystic Bla  Conj/Tloc      0%         2d3       100%        4
 Freezing Cloud           Conj/Ice/Air   0%         6-21      100%        5
 Starburst                Conj/Fire      0%         6d3       100%        6


Dungeon Overview and Level Annotations

Branches:
Dungeon (5/15)
 Temple: D:4-7

Altars:
Elyvilon
Gozag
Kikubaaqudgha
Okawaru
Zin
The Shining One

Annotations:
D:3 1 runed translucent door, Crazy Yiuf


Innate Abilities, Weirdness & Mutations

You have a pair of horns on your head.
You reflexively headbutt those who attack you in melee.


Message History

The gnoll sergeant hits you with a +3 trident of venom.
You hit the gnoll sergeant.
The gnoll sergeant is heavily wounded.
You feel sick.
The gnoll sergeant hits you with a +3 trident of venom.
* * * LOW HITPOINT WARNING * * *
You are more poisoned.
The gnoll shouts!
You hit the gnoll sergeant. You headbutt the gnoll sergeant.
The gnoll sergeant is heavily wounded.
You feel very sick.
The gnoll sergeant hits you with a +3 trident of venom.
* * * LOW HITPOINT WARNING * * *
You are more poisoned.
You feel better.
The gnoll sergeant hits you with a +3 trident of venom.
* * * LOW HITPOINT WARNING * * *
You are lethally poisoned!
You are confused.
You feel invigorated.
* * * LOW HITPOINT WARNING * * *
You feel very sick.
The gnoll sergeant hits you with a +3 trident of venom!
* * * LOW HITPOINT WARNING * * *
You are more poisoned.
It was a potion of flight.
You feel very buoyant.
You fly up into the air.
* * * LOW HITPOINT WARNING * * *
You feel very sick. The gnoll sergeant barely misses you.
Okay, then.
Unknown command.
It was a potion of brilliance.
You feel clever all of a sudden.
* * * LOW HITPOINT WARNING * * *
You feel very sick. The gnoll sergeant barely misses you.
The gnoll hits you from afar with a +0 spear.
You die...

#.##.# ... ##.##.#
#.#... # #...... #.##.#
#. #..##.# #.##.# ..#
#..##.# #.##.# ..
#..##.# #.##.#
#..##.##..##.# #.##.#
#....gg@.....####.##.###
#.###g##)...............
# #.############### #†#
#.# ######## #.#
#....... #.# #<######
#.# #.# #.# #.#


You could see a gnoll sergeant and 2 gnolls.

Vanquished Creatures
  4 scorpions
  5 wights
  A howler monkey (D:5)
  A jelly (D:4)
  Natasha (D:4)
  Terence (D:3)
  An iguana (D:4)
  7 adders
  A gnoll (D:5)
  An ufetubus (D:4)
  2 worms
  2 dart slugs
  8 orcs
  3 ball pythons
  11 bats
  10 endoplasms
  4 giant cockroaches
  4 goblins
  5 hobgoblins
  6 jackals
  A frilled lizard (D:1)
  4 kobolds
  5 rats
88 creatures vanquished.

Notes
Turn   | Place    | Note
-------+----------+-------------------------------------------
     0 | D:1      | Peloso the Minotaur Fighter began the quest for the Orb.
     0 | D:1      | Reached XP level 1. HP: 19/19 MP: 0/0
   284 | D:1      | Reached XP level 2. HP: 27/27 MP: 1/1
  1039 | D:2      | Reached XP level 3. HP: 31/33 MP: 2/2
  1407 | D:2      | Found a faded altar of an unknown god.
  1567 | D:2      | Reached skill level 3 in Long Blades
  1913 | D:3      | Got Nycieps's Incunable of Geometries
  1993 | D:3      | Reached XP level 4. HP: 41/41 MP: 3/3
  2042 | D:3      | Found a glowing silver altar of Zin.
  2042 | D:3      | Found a glowing golden altar of the Shining One.
  2042 | D:3      | Found a white marble altar of Elyvilon.
  2088 | D:3      | Found an ancient bone altar of Kikubaaqudgha.
  2354 | D:3      | Noticed Terence
  2361 | D:3      | Killed Terence
  2362 | D:3      | Reached skill level 4 in Long Blades
  2575 | D:3      | Found a runed translucent door.
  2576 | D:3      | Noticed Crazy Yiuf
  3064 | D:4      | Reached XP level 5. HP: 45/47 MP: 4/4
  3130 | D:4      | Reached skill level 5 in Long Blades
  3192 | D:4      | Found an opulent altar of Gozag.
  3216 | D:3      | Reached skill level 5 in Fighting
  3317 | D:4      | Reached XP level 6. HP: 45/56 MP: 5/5
  3422 | D:4      | Reached skill level 5 in Armour
  3428 | D:4      | Reached skill level 6 in Long Blades
  3642 | D:4      | Found an iron altar of Okawaru.
  3642 | D:4      | Noticed Natasha
  3649 | D:4      | Killed Natasha
  3650 | D:4      | Reached XP level 7. HP: 59/61 MP: 6/6
  3662 | D:4      | Became a worshipper of Warmaster Okawaru
  3689 | D:4      | Reached skill level 7 in Long Blades
  3892 | D:5      | Entered Level 5 of the Dungeon
  3979 | D:5      | HP: 2/62 [gnoll sergeant/+3 trident of venom (7)]
  3981 | D:5      | Slain by a gnoll

Illustrated notes

Levels and vault maps discovered:
D:1:      mushboom_english_gardens, layout_loops_ring
D:2:      layout_loops_ring, chequers_ecumenical_altar_grove,
          minmay_misc_feat_chi, chequers_serial_rivers_small_b, minivault_5,
          small_statue_intersection
D:3:      layout_basic, dreamdust_divine_triumvirate,
          mainiacjoe_overflow_surrounded_room, uniq_crazy_yiuf_cottage,
          uniq_terence
D:4:      layout_basic, mainiacjoe_overflow_catch_the_wave, uniq_natasha
D:5:      layout_loops_ring, mainiacjoe_overflow_alcove_4,
          minmay_chambers_of_fives, uniq_grinder

Skill      XL: |  1  2  3  4  5  6  7 |
---------------+----------------------+-----
Fighting       | 4 5 |  5.7
Shields        | 4 |  4.7
Armour         | 4 5 6 |  6.0
Long Blades    | 3 4 5 6 7 |  7.6
Dodging        | |  0.2

Action                     |  1- 3 |  4- 6 |  7- 9 || total
---------------------------+-------+-------+-------++-------
  Melee: Long sword        |    99 |    86 |       ||   185
         Headbutt          |    13 |    19 |     8 ||    40
         Scimitar          |       |    18 |    30 ||    48
    Use: Potion            |     4 |       |     4 ||     8
         Scroll            |     4 |       |       ||     4
 Armour: Scale mail        |    40 |       |       ||    40
         Plate armour      |    32 |    65 |    11 ||   108
  Dodge: Dodged            |    58 |    33 |     6 ||    97
  Block: Buckler           |    21 |    28 |     4 ||    53
